Map: Abyssal Reef LE

Players

Lambo - Winner!

  • Race: Zerg Zerg
  • Spawn Location: 11:00

LiquidSnute (Snute)

  • Race: Zerg Zerg
  • Spawn Location: 5:00

Event: IEM XI Katowice - World Championship 2017

VOD

Have the link to the VOD?

Description

Time

  • Played on: Feb. 27, 2017, 4:52 a.m.
  • Length: 7:44

All games in this series

Show
View Real Time Build Order
Export as new Build Order

Lambo Zerg - Winner!

Build Orders: Hatch First 

Get SALT Encoding   

  12  0:00  Drone  
  13  0:13  Overlord  
  13  0:18  Drone  
  14  0:32  Drone  
  14  0:33  Drone  
  16  0:36  Drone  
  17  0:53  Hatchery  
  17  0:55  Drone  
  17  0:58  Drone  
  18  1:09  Extractor  
  17  1:13  Spawning Pool  
  17  1:16  Drone  
  17  1:19  Drone  
  18  1:29  Drone  
  19  1:40  Overlord  
  19  2:00  Zergling x2, Queen  
  22  2:01  Zergling x2  
  22  2:05  Zergling x2, Queen  
  22  2:08  Metabolic Boost  
  26  2:12  Drone  
  27  2:17  Drone  
  28  2:29  Baneling Nest  
  27  2:30  Zergling x2  
  27  2:35  Drone  
  27  2:36  Zergling x2  
  30  2:42  Drone  
  31  2:44  Queen  
  31  2:51  Overlord  
  33  2:52  Drone  
  34  3:11  Zergling x8  
  38  3:14  Baneling x3  
  38  3:17  Baneling  
  37  3:20  Overlord  
  37  3:22  Drone x4  
  40  3:38  Drone x2  
  42  3:46  Zergling x4  
  44  3:48  Hatchery  
  43  4:00  Drone x5  
  43  4:02  Baneling  
  47  4:03  Baneling  
  47  4:06  Zergling x2  
  48  4:12  Drone x2  
  48  4:16  Drone  
  48  4:17  Roach Warren, Drone  
  50  4:18  Overlord  
  51  4:27  Overlord  
  51  4:35  Overlord  
  48  4:44  Drone x4  
  49  4:47  Overlord, Extractor  
  49  4:48  Extractor, Drone x4  
  49  4:51  Zergling x2  
  52  4:57  Zergling x2  
  53  5:01  Queen  
  53  5:02  Drone x2  
  55  5:09  Overlord  
  55  5:12  Baneling  
  56  5:14  Roach x2  
  56  5:17  Baneling  
  56  5:18  Roach x2  
  56  5:19  Roach x3  
  68  5:22  Overlord  
  68  5:24  Roach  
  68  5:25  Baneling  
  70  5:35  Roach x4  
  76  5:42  Roach x2  
  78  5:48  Roach x2  
  78  5:49  Overlord  
  82  5:52  Roach  
  82  5:56  Zergling x2  
  82  5:57  Zergling x8  
  88  6:01  Zergling x2  
  88  6:02  Ravager  
  90  6:06  Zergling x4  
  92  6:11  Overlord  
  92  6:13  Zergling x8  
  92  6:16  Zergling x2  
  92  6:17  Zergling x4  
  99  6:19  Ravager x2  
  99  6:21  Zergling x2  
  102  6:27  Zergling x2  
  102  6:28  Zergling x6  
  102  6:31  Zergling x2  
  107  6:37  Zergling x4  
  109  6:46  Zergling x2  
  109  6:47  Zergling x16  
  109  6:48  Ravager  
  107  6:56  Ravager  
  107  6:57  Zergling x6, Ravager  
  104  7:02  Ravager x2  
  104  7:04  Zergling x6  
  105  7:12  Zergling x8  
  107  7:21  Zergling x2  
  107  7:22  Zergling x2  
Show
View Real Time Build Order
Export as new Build Order

LiquidSnute Zerg 

Build Orders: Pool First 

Get SALT Encoding   

  12  0:00  Drone  
  13  0:12  Overlord  
  13  0:17  Drone  
  14  0:30  Drone x2  
  14  0:34  Drone  
  17  0:40  Extractor  
  16  0:45  Drone  
  17  0:50  Spawning Pool  
  17  0:55  Drone  
  17  1:06  Drone  
  18  1:20  Hatchery  
  18  1:25  Drone  
  18  1:37  Queen  
  20  1:40  Metabolic Boost  
  20  1:48  Overlord  
  20  1:51  Zergling x2  
  21  1:54  Drone  
  22  2:05  Baneling Nest  
  22  2:06  Drone  
  22  2:14  Queen  
  24  2:18  Drone  
  24  2:22  Drone  
  26  2:34  Zergling x4  
  28  2:43  Zergling x2  
  29  2:46  Zergling x8  
  33  2:53  Overlord  
  33  2:57  Drone  
  34  3:08  Drone x2  
  36  3:18  Baneling  
  36  3:19  Drone  
  37  3:23  Hatchery  
  37  3:25  Drone x3  
  39  3:29  Drone  
  39  3:33  Drone  
  42  3:34  Drone  
  42  3:40  Overlord  
  42  3:41  Drone  
  42  3:43  Drone  
  44  3:50  Overlord  
  44  3:58  Drone x2  
  44  3:59  Overlord  
  44  4:01  Drone x2  
  46  4:03  Drone  
  46  4:06  Baneling x2  
  46  4:09  Evolution Chamber  
  46  4:12  Lair  
  46  4:13  Baneling  
  46  4:15  Drone  
  46  4:16  Drone  
  48  4:20  Extractor  
  48  4:21  Drone x2  
  49  4:26  Queen  
  50  4:38  Drone x3  
  52  4:43  Zergling x10  
  55  4:46  Zergling x4  
  55  4:47  Zergling x2  
  55  4:51  Zergling x2  
  56  4:54  Zergling x2  
  56  4:55  Queen  
  56  4:56  Drone  
  60  5:02  Drone  
  60  5:05  Zerg Missile Weapons Level 1  
  60  5:06  Roach Warren  
  58  5:08  Drone  
  58  5:09  Drone  
  58  5:10  Drone  
  58  5:12  Drone  
  58  5:13  Drone  
  62  5:16  Drone  
  63  5:22  Extractor  
  63  5:24  Spire, Extractor, Drone  
  63  5:27  Drone  
  62  5:30  Drone x2  
  62  5:34  Drone x2  
  62  5:36  Drone x2  
  62  5:37  Drone  
  62  5:39  Drone  
  62  5:41  Drone x2  
  68  5:45  Drone  
  68  5:48  Drone  
  70  5:50  Drone  
  70  5:54  Overlord  
  70  5:55  Drone  
  71  5:59  Extractor  
  71  6:01  Extractor  
  71  6:02  Roach x2  
  71  6:03  Overlord  
  72  6:05  Overlord  
  72  6:08  Overlord  
  72  6:10  Overlord  
  73  6:14  Roach  
  73  6:16  Roach x2  
  80  6:20  Overlord  
  80  6:23  Roach x2  
  80  6:24  Roach  
  86  6:27  Roach, Ravager  
  86  6:31  Roach x4  
  97  6:35  Roach  
  97  6:37  Mutalisk  
  101  6:40  Mutalisk  
  101  6:45  Roach  
  99  6:48  Roach  
  99  6:49  Roach x3  
  99  6:50  Roach  
  97  6:59  Queen, Roach x2  
  89  7:02  Roach  
  89  7:07  Roach x2  
  88  7:09  Roach  
  88  7:10  Roach  
  88  7:13  Roach  
  88  7:21  Roach x2  
  88  7:22  Roach  

Tags
 
Add a new tag
Caveats
  • Supply blocks, unpowered buildings, or Contaminate may cause inaccurate times.
  • Supply counts are checked every 10 seconds.